Cogmind - Beta 9.6 @@@ ROGUE MODE // 2020.07.01 @ 06:16:50 Player: GGOBC-001 Result: Destroyed by S-10 Pest with Light Assault Rifle Performance ------------- Evolutions (1) 500 Regions Visited (2) 400 Robots Destroyed (9) 45 Value Destroyed (242) 242 Prototype IDs (0) 0 Alien Tech Used (0) 0 Bonus (0) 0 TOTAL SCORE: 1187 Bonus ------- None Cogmind --------- Core Integrity 0/400 Matter 260/300 Energy 38/100 System Corruption 0% Temperature Cool (6) Movement Core (50) Location -9/Materials Parts ------- > --- POWER (1) -------- (None) > --- PROPULSION (2) --- (None) > --- UTILITY (4) ------ (None) > --- WEAPON (2) ------- (None) > --- INVENTORY (4) ---- Improved Light Cannon Improved Light Cannon Peak State ------------ > --- POWER ------------ (None) > --- PROPULSION ------- Aluminum Leg > --- UTILITY ---------- Heat Sink Shield Generator Shield Generator Shield Generator > --- WEAPON ----------- Assault Rifle Assault Rifle > --- INVENTORY -------- Heavy EM Pulse Gun [Rating: 10] Favorites ----------- Power Ion Engine Engine Ion Engine Propulsion Aluminum Leg Leg Aluminum Leg Utility Heat Sink Device Heat Sink Weapon Assault Rifle Energy Gun Heavy EM Pulse Gun Ballistic Gun Assault Rifle Ballistic Cannon Improved Light Cannon Build | -11 -10 -9 ------- Run | Scr Mat Mat Slots Evolved 2 | . . 2 Power . | . . . Propulsion . | . . . Utility 2 | . . 2 Weapon . | . . . Parts Attached 18 | 7 . 11 Power 3 | 2 . 1 Engine 3 | 2 . 1 Core . | . . . Reactor . | . . . Propulsion 3 | 2 . 1 Treads . | . . . Leg 3 | 2 . 1 Wheel . | . . . Hover . | . . . Flight . | . . . Utility 4 | 1 . 3 Device 4 | 1 . 3 Storage . | . . . Processor . | . . . Hackware . | . . . Protection . | . . . Artifact . | . . . Weapon 8 | 2 . 6 Energy Gun 2 | . . 2 Energy Cannon . | . . . Ballistic Gun 4 | 2 . 2 Ballistic Cannon 2 | . . 2 Launcher . | . . . Special Weapon . | . . . Impact Weapon . | . . . Slashing Weapon . | . . . Piercing Weapon . | . . . Special Melee Weapon . | . . . Unidentified Prototypes . | . . . Parts Lost 13 | . . 13 Power 1 | . . 1 Propulsion 2 | . . 2 Utility 4 | . . 4 Weapon 6 | . . 6 Highest Loss Streak 8 | . . 8 Average Slot Usage (%) 58 | . 75 49 Engine 8 | . 11 7 Leg 17 | . 26 12 Device 13 | . 14 12 Ballistic Gun 17 | . 23 14 Ballistic Cannon 1 | . . 1 Naked Turns 25 | . . 25 Heaviest Build 10 | 10 10 10 Greatest Support 20 | 20 20 20 Greatest Overweight (x) 2 | . . 2 Average Overweight (x) . | . . . Largest Inventory Capacity 4 | 4 4 4 Average Capacity 4 | 4 4 4 Most Carried 4 | 2 4 4 Average Carried . | . . . Final Capacity 4 | 4 4 4 Final Carried 4 | . 4 2 Class Distribution -------------------- 100% | Mutant Dominant Class ---------------- Mutant | -10/Materials Mutant | -9/Materials Resources | -11 -10 -9 ----------- Run | Scr Mat Mat Matter Collected 464 | 282 39 143 Remotely . | . . . Salvage Created 247 | 45 50 152 Parts 18 | 4 4 10 Haulers Intercepted . | . . . Recyclers Shooed . | . . . Parts Field Recycled . | . . . Retrieved Matter . | . . . Parts Self-Destructed . | . . . Prevented . | . . . Kills | -11 -10 -9 ------- Run | Scr Mat Mat Combat Hostiles Destroyed 8 | 1 1 6 Guns 5 | 1 1 3 Cannons 3 | . . 3 Classes Destroyed 4 | 1 1 2 Operator 1 | . 1 . Swarmer 2 | . . 2 Grunt 5 | 1 1 3 Brawler 1 | . . 1 Best Kill Streak 4 | 1 1 4 Combat Bots Only 4 | 1 1 4 Max Kills in Single Turn 1 | 1 1 1 Gunslinging . | . . . Exploded . | . . . Melee . | . . . Uniques/NPCs Destroyed . | . . . Combat | -11 -10 -9 -------- Run | Scr Mat Mat Damage Taken 1408 | 46 182 1180 Core 489 | 11 77 401 Absorbed by Shields 25 | . . 25 Core Remaining (%) 79 | 95 64 . Volleys Fired 37 | 2 7 28 Largest 2 | 2 2 2 Hottest 85 | 40 40 85 Shots Fired 64 | 4 14 46 Gun 46 | 4 14 28 Cannon 18 | . . 18 Launcher . | . . . Special . | . . . Kinetic 58 | 4 14 40 Thermal 2 | . . 2 Explosive . | . . . Electromagnetic 4 | . . 4 Robot Hit Streak 6 | 3 3 6 Robot Miss Streak 5 | . 1 5 Penetration Max . | . . . Secondary Targets . | . . . Shots Hit Robots 34 | 3 8 23 Core Hits 14 | 2 3 9 Critical Hits . | . . . Critical Kills . | . . . Critical Parts Destroyed . | . . . Melee Attacks . | . . . Impact . | . . . Slashing . | . . . Piercing . | . . . Sneak Attacks . | . . . Combat Hostiles . | . . . Follow-up Attacks . | . . . Damage Inflicted 547 | 39 93 415 Guns 343 | 39 93 211 Cannons 202 | . . 202 Explosions . | . . . Melee . | . . . Ramming 2 | . . 2 Kinetic 512 | 39 93 380 Thermal . | . . . Explosive . | . . . Electromagnetic 33 | . . 33 Impact . | . . . Slashing . | . . . Piercing . | . . . Highest Corruption . | . . . Average Corruption . | . . . Corruption Purged . | . . . Overload Shots . | . . . Overflow Damage 1 | . . 1 Projectiles 1 | . . 1 Explosions . | . . . Melee . | . . . Knockbacks 1 | . . 1 Impact . | . . . Kinetic 1 | . . 1 Secondary . | . . . Self-Inflicted Damage 1 | . . 1 Shots . | . . . Rammed 1 | . . 1 Targets Rammed 1 | . . 1 Kicked . | . . . Crushed . | . . . Highest Temperature 30 | . . 30 Average Temperature 12 | . . 12 Received Heat Transfer 439 | 24 . 415 Siege Activations . | . . . Robots Corrupted . | . . . Combat Hostiles . | . . . Parts Fried . | . . . Impact Corruptions . | . . . Robots Melted . | . . . Combat Hostiles . | . . . Parts Melted . | . . . Heat Transferred . | . . . Parts Sabotaged . | . . . Parts Stolen . | . . . Parts Stripped . | . . . Power Chain Reactions . | . . . Missiles Intercepted . | . . . Alert | -11 -10 -9 ------- Run | Scr Mat Mat Peak Influence 116 | 20 48 116 Average Influence 35 | 6 33 44 Maximum Alert Level . | . . . Low Security (%) 100 | 100 100 100 Level 1 . | . . . Level 2 . | . . . Level 3 . | . . . Level 4 . | . . . Level 5 . | . . . High Security . | . . . Max Security . | . . . Squads Dispatched 4 | . 1 3 Investigation 2 | . . 2 Extermination . | . . . Reinforcement 2 | . 1 1 Assault . | . . . Garrison . | . . . Intercept . | . . . Construction Impeded . | . . . Haulers Reinforced . | . . . Stealth | -11 -10 -9 --------- Run | Scr Mat Mat Distress Signals . | . . . Communications Jammed . | . . . Distress Signals . | . . . Times Spotted 25 | 1 7 17 Peak Tracking Total 8 | 1 4 8 Tactical Retreats 4 | . . 4 Traps | -11 -10 -9 ------- Run | Scr Mat Mat Traps Triggered 2 | . 2 . Indirectly . | . . . Trap Hack Attempts . | . . . Triggered . | . . . Disarmed . | . . . Reprogrammed . | . . . Reused . | . . . Traps Extracted . | . . . Installed . | . . . Triggered . | . . . Machines | -11 -10 -9 ---------- Run | Scr Mat Mat Machines Disabled . | . . . Max in Single Turn . | . . . Machines Sabotaged . | . . . Garrisons Compromised . | . . . Overloaded Fab Kills . | . . . Fab Network Shutdowns . | . . . Hacking | -11 -10 -9 --------- Run | Scr Mat Mat Machines Accessed 3 | . 1 2 Terminals 2 | . . 2 Fabricators . | . . . Repair Stations . | . . . Recycling Units 1 | . 1 . Scanalyzers . | . . . Garrison Access . | . . . Total Hacks 14 | . 2 12 Successful 7 | . . 7 Failed 7 | . 2 5 Catastrophic 1 | . . 1 Database Lockouts . | . . . Manual . | . . . Terminals 12 | . . 12 Fabricators . | . . . Repair Stations . | . . . Recycling Units 2 | . 2 . Scanalyzers . | . . . Garrison Access . | . . . Terminal Hacks 7 | . . 7 Record 4 | . . 4 Alert Level 1 | . . 1 Patrol Status 1 | . . 1 Recall Assault 1 | . . 1 Fabricator Hacks . | . . . Repair Station Hacks . | . . . Recycling Unit Hacks . | . . . Scanalyzer . | . . . Garrison Access Hacks . | . . . Unauthorized Hacks . | . . . Terminals . | . . . Fabricators . | . . . Repair Stations . | . . . Recycling Units . | . . . Scanalyzers . | . . . Garrison Access . | . . . Data Cores Recovered . | . . . Used . | . . . Hacking Detections 3 | . 1 2 Full Trace Events 3 | . 1 2 Feedback Events . | . . . Feedback Blocked . | . . . Robot Schematics Acquired . | . . . Robots Built . | . . . Matter . | . . . Time . | . . . Total Robot Build Rating . | . . . Part Schematics Acquired . | . . . Parts Built . | . . . Matter . | . . . Time . | . . . Total Part Build Rating . | . . . Parts Repaired . | . . . Time . | . . . Parts Recycled . | . . . Recycled Matter . | . . . Retrieved Matter . | . . . Retrieved Components . | . . . Parts Scanalyzed . | . . . Part Schematics Acquired . | . . . Parts Damaged . | . . . Bothacking | -11 -10 -9 ------------ Run | Scr Mat Mat Used RIF Installer . | . . . Robots Hacked . | . . . Non-combat . | . . . Combat . | . . . Robot Hacks Applied . | . . . Relay Couplers Released . | . . . Robots Rewired . | . . . Allies Hacked . | . . . Hacks Repelled . | . . . Allies | -11 -10 -9 -------- Run | Scr Mat Mat Total Allies . | . . . Largest Group . | . . . Highest-Rated Group . | . . . Highest-Rated Ally . | . . . Total Orders . | . . . Ally Attacks . | . . . Total Damage . | . . . Kills . | . . . Allies Corrupted . | . . . Allies Melted . | . . . Intel | -11 -10 -9 ------- Run | Scr Mat Mat Robot Analysis Total . | . . . Derelict Logs Recovered . | . . . Drone Launches . | . . . Drone Recoveries . | . . . Exploration | -11 -10 -9 ------------- Run | Scr Mat Mat Turns Passed 632 | 116 163 353 Spaces Moved 378 | 85 98 195 Core 108 | 24 . 84 Treads . | . . . Legs 270 | 61 98 111 Wheels . | . . . Hover . | . . . Flight . | . . . Fastest Speed 50 | 50 120 50 Average Speed 104 | 100 120 98 Slowest Speed 150 | 120 120 150 Overloaded Moves . | . . . Propulsion Burnouts . | . . . Robots Hopped . | . . . Cave-ins Triggered . | . . . Exploration Rate (%) 16 | 9 24 15 Regions Visited 2 Branch Regions . Pre-discovered Areas . | . . . Known Exits Taken . | . . . Unknown Exits Taken 2 | 1 1 . Scrap Searched . | . . . Spaces Dug . | . . . Terrain Destroyed 1 | . . 1 Melee . | . . . Projectile 1 | . . 1 AOE . | . . . Actions | -11 -10 -9 --------- Run | Scr Mat Mat Total 552 | 112 130 310 Wait 97 | 11 20 66 Move 376 | 84 97 195 Hop . | . . . Pick Up 21 | 7 5 9 Fast Attach . | . . . Attach 17 | 6 . 11 Detach . | . . . Swap 1 | 1 . . Drop 2 | 1 1 . Fire 37 | 2 7 28 Melee . | . . . Ram 1 | . . 1 Kick . | . . . Crush . | . . . Escape Stasis . | . . . Rewire . | . . . Trap . | . . . Miscellaneous . | . . . Route ------- -11/Scrapyard -10/Materials -9/Materials (discovered 1 exit: [*Sto]) History --------- Turn | Location | Event 2 | -11/Scrapyard | Met Revision 17 64 | -11/Scrapyard | Discovered new exit (range 8) 117 | -11/Scrapyard | Entered Materials 252 | -10/Materials | Discovered new exit (range 16) 280 | -10/Materials | Entered another Materials area 280 | -9/Materials | Evolved 2 slots: Utility x2 304 | -9/Materials | Build established: Mutant 545 | -9/Materials | Discovered new exit (range 15) 573 | -9/Materials | Core integrity fell below 50% 595 | -9/Materials | Lost 8 parts (1p1n4u2w) 617 | -9/Materials | Core integrity fell below 20% 633 | -9/Materials | Destroyed by S-10 Pest with Light Assault Rifle Last Messages --------------- K-01 Serf collects debris. K-01 Serf cleans the Fusion Modulator. Acquired Imp. Light Cannon. S-10 Pest destroyed. S-10 Pest knocked back. Destroyed Flight Unit. B-36 Bruiser destroyed. Acquired 45 matter. Imp. Light Cannon destroyed. U-05 Engineer builds a Wall. S-10 Pest destroyed. U-05 Engineer builds a Door. Imp. Light Cannon destroyed. Sml. Laser destroyed. G-34 Mercenary destroyed. Acquired 18 matter. Hvy. EM Pulse Gun destroyed. Acquired Imp. Light Cannon. Slammed into S-10 Pest. Acquired Imp. Light Cannon. Map ----- +----------------------------------------------------+ | ????# T + """""#??????????????????????? | | ????# # """""#??????????????????????? | | ????# # """""#??????????????????????? | | ????## ## """""#??????????????????????? | | ?????# ## #??????????????????????? | | ?????# ###########??????????????????????? | | ?????# #????????????????????????????????? | | ?????# #????????????????????????????????? | | ?????# #????????????????????????????????? | | ?????# #????????????????????????????????? | | ?????# #????????????????????????????????? | | ?????# #????????????????????????????????? | | ?????# #????????????????????????????????? | | ?????# ##########???????????????????????? | | ?????# # #???????????????????????? | | ?????# # """ #???????????????????????? | | ?????# # """ ################ #??????? | | ?????# # """ + #??????? | | ?????# + # #??????? | | ?????# # """ # ^ #??????? | | ?????# # """ + #??????? | | ?????# # """ #### """^ ##????????? | | ?????# # #??# """ """???????? | | ?????# ##########??# """ T"???????? | | ?????#####????######## """???????? | | ??????????????#=[ @s[# #?????????? | | ??????????????# [ g%/Y #?????????? | | ??????????????# !]]**############?????????? | | ??????????????# =! #????????????????????? | | ??????????????# ##???????????????????? | | ??????????????# ##???????????????????? | | ??????????????########????????????????????? | | ??????????????????????????????????????????? | | ??????????????????????????????????????????? | | ??????????????????????????????????????????? | | | | | | | | | | | | | | | | | | | | | | | | | | | | | | | +----------------------------------------------------+ Best States ------------- Heat Dissipation 38 Energy Generation 10 Energy Capacity 250 Matter Stores 300 Matter Capacity 300 Sight Range 16 Terrain Scan Density 10 Evasion (%) 50 Item Schematics ----------------- None Robot Schematics ------------------ None Fabricated ------------ Nothing Alien Tech Used ----------------- None Achievements -------------- None Challenges ------------ None Game ------ Seed AnalysisHeartRegulator Manual? 0 Play Time 00:10:44 Cumulative 3.6 hours Start 2020.07.01 @ 06:02:41 End 2020.07.01 @ 06:16:50 Sessions 1 Manual Loads 0 Difficulty Rogue Special Mode None Game No. 3 Rogue 3 Adventurer 0 Explorer 0 Win Type - Total 0 Types 0/0/0/0/0/0/0 Lore% 3 Gallery% 7 Achievement% 8 Wizard Run 0 Options --------- ASCII 0 Keyboard 0 Movement Numpad Keybinds 0 Fullscreen 2 Font 18/TerminusBold Map View 76x50 Tactical HUD 0 Map Filters NONE Filters NONE Steam 1 RUN: a293d260-bb09-4024-9b5b-880e727f6139